 Dungeon Crawl Stone Soup version 0.31.0-4-g52a2dc7128 (webtiles) character file.

Game seed: 4469560829641564508

1689035 dorian the Crack Shot (level 24, 246/246 HPs)
             Began as a Demigod Hunter on Jan 22, 2024.
             Escaped with the Orb
             ... and 3 runes!
             The game lasted 02:57:59 (67007 turns).

dorian the Crack Shot (Demigod Hunter)             Turns: 67007, Time: 02:57:59

Health: 246/246    AC: 30    Str: 12    XL:     24   Next: 92%
Magic:  36/36      EV: 45    Int: 17    God:
Gold:   4741       SH:  0    Dex: 52    Spells: 26/33 levels left

rFire   + . .        u - +8 longbow "Zephyr" {speed, Dex+3 SInv}
rCold   + + .        (shield currently unavailable)
rNeg    . . .        c - +5 faerie dragon scales {rElec rCorr}
rPois   .            f - +2 hat
rElec   +            b - +4 dragonskin cloak
rCorr   +            F - +2 pair of gloves {infuse}
SInv    +            j - +2 pair of boots "Muomm" {rC++ Regen+ Str-5 SInv}
Will    ++...        K - amulet of the Republic {^Drain Regen+ Str+5 Int+6}
Stlth   ++           k - +4 ring of slaying
HPRegen 2.21/turn    B - ring of protection from fire
MPRegen 0.25/turn

%: infuse magic (1 MP)
@: no status effects
A: high MP 1, forlorn, divine attributes, robust 1
0: Orb of Zot
}: 3/15 runes: barnacled, slimy, gossamer
a: no special abilities


You escaped.
You visited 10 branches of the dungeon, and saw 51 of its levels.
You also visited: Ice Cave.

You collected 6867 gold pieces.
You spent 2126 gold pieces at shops.

Inventory:

Hand Weapons
 u - the +8 longbow "Zephyr" (weapon) {speed, Dex+3 SInv}
   (You found it on level 4 of the Lair of Beasts)

   Dex+3:     It affects your dexterity (+3).
   SInv:      It lets you see invisible.
 y - a +1 hand cannon of freezing
 Q - the +7 hand cannon "Mule" {flame, backblast, rF+}
   (You took it off a meliai on level 12 of the Dungeon)

   rF+:       It protects you from fire.
Armour
 b - the +4 dragonskin cloak (worn)
   (You took it off Tiamat on level 2 of the Realm of Zot)

   Avatar's Aegis: It grants the wearer a chance to resist fire, cold, poison,
   electricity, acid, and negative energy.
 c - the +5 faerie dragon scales (worn) {rElec rCorr}
   (You took it off the Enchantress on level 3 of the Depths)

   rElec:     It insulates you from electricity.
   rCorr:     It protects you from acid and corrosion.
 f - a +2 hat (worn)
 j - the +2 pair of boots "Muomm" (worn) {rC++ Regen+ Str-5 SInv}
   (You bought it in a shop on level 13 of the Dungeon)

   Str-5:     It affects your strength (-5).
   rC++:      It greatly protects you from cold.
   SInv:      It lets you see invisible.
   Regen+:    It increases your rate of health regeneration.
 x - a +2 kite shield of protection
 F - a +2 pair of gloves of infusion (worn)
 W - a +2 helmet
Jewellery
 k - a +4 ring of slaying (left hand)
 s - a ring of poison resistance
 B - a ring of protection from fire (right hand)
 K - the amulet of the Republic (around neck) {^Drain Regen+ Str+5 Int+6}
   (You found it on level 4 of the Shoals)

   [amulet of regeneration]

   Str+5:     It affects your strength (+5).
   Int+6:     It affects your intelligence (+6).
   Regen+:    It increases your rate of health regeneration.
   ^Drain:    It drains your maximum health when unequipped.
 T - a ring of positive energy
 X - a ring of willpower
Wands
 v - a wand of digging (4)
 D - a wand of iceblast (101)
 M - a wand of quicksilver (44)
 Y - a wand of mindburst (28)
Scrolls
 a - 13 scrolls of enchant weapon
 l - a scroll of silence
 o - a scroll of revelation
 r - 2 scrolls of summoning
 t - 8 scrolls of teleportation
 z - 2 scrolls of blinking
 A - 6 scrolls of fog
 G - 6 scrolls of fear
 I - 8 scrolls of immolation
 S - 2 scrolls of poison
 U - 10 scrolls of enchant armour
Potions
 d - 12 potions of might
 e - 10 potions of attraction
 h - 6 potions of haste
 i - 7 potions of mutation
 m - 7 potions of enlightenment
 n - 2 potions of resistance
 p - 4 potions of cancellation
 q - 17 potions of curing
 w - 4 potions of heal wounds
 C - 12 potions of lignification
 H - 7 potions of invisibility
 J - 6 potions of ambrosia
 L - 6 potions of magic
 O - 3 potions of berserk rage
Miscellaneous
 g - a phantom mirror
 P - a sack of spiders
 R - a tin of tremorstones (2/2)


   Skills:
 + Level 20.2 Fighting
 + Level 25.4 Ranged Weapons
 + Level 16.4 Armour
 + Level 18.2 Dodging
 - Level 10.0 Stealth
 - Level 16.0 Shields
 - Level 5.3 Spellcasting
 - Level 4.4 Hexes
 - Level 8.0 Translocations


You had 26 spell levels left.
You knew the following spells:

 Your Spells              Type           Power      Damage    Failure   Level
a - Dimensional Bullseye  Hex/Tloc       12%        N/A       14%         4
b - Gell's Gravitas       Tloc           31%        N/A       1%          3

Your spell library contained the following spells:

 Spells                   Type           Power      Damage    Failure   Level
 Apportation              Tloc           62%        N/A       1%          1
 Slow                     Hex            76%        N/A       2%          1
 Jinxbite                 Hex            38%        N/A       4%          2
 Momentum Strike          Conj/Tloc      36%        3d9       5%          2
 Manifold Assault         Tloc           31%        N/A       7%          4
 Confusing Touch          Hex            19%        N/A       9%          3
 Sigil of Binding         Hex            19%        N/A       9%          3
 Tukima's Dance           Hex            19%        N/A       9%          3
 Foxfire                  Conj/Fire      16%        2x1d4     19%         1
 Freeze                   Ice            16%        1d4       19%         1
 Kiss of Death            Conj/Necr      16%        2d6       19%         1
 Sandblast                Erth           8%         2d5       19%         1
 Summon Small Mammal      Summ           16%        N/A       19%         1
 Inner Flame              Hex/Fire       12%        N/A       22%         3
 Call Imp                 Summ           8%         N/A       26%         2
 Mercury Vapours          Alch/Air       8%         N/A       26%         2
 Scorch                   Fire           8%         2d5       26%         2
 Static Discharge         Conj/Air       8%         3-4/arc   26%         2
 Cause Fear               Hex            9%         N/A       28%         4
 Iskenderun's Mystic Bla  Conj/Tloc      18%        2d6       34%         4
 Call Canine Familiar     Summ           4%         N/A       47%         3
 Frozen Ramparts          Ice            8%         1d2       47%         3
 Hailstorm                Conj/Ice       4%         3d5       47%         3
 Mephitic Cloud           Conj/Alch/Air  4%         N/A       47%         3
 Ozocubu's Armour         Ice            4%         N/A       47%         3
 Passwall                 Erth           4%         N/A       47%         3
 Stone Arrow              Conj/Erth      8%         3d7       47%         3
 Summon Ice Beast         Ice/Summ       4%         N/A       47%         3
 Vampiric Draining        Necr           4%         2d6       47%         3
 Anguish                  Hex/Necr       6%         N/A       56%         4
 Summon Forest            Summ/Tloc      9%         N/A       67%         5
 Dispersal                Tloc           15%        N/A       71%         6
 Animate Armour           Summ/Erth      8%         N/A       87%         4
 Brom's Barrelling Bould  Conj/Erth      4%         2d3       87%         4
 Dispel Undead            Necr           4%         3d7       87%         4
 Flame Wave               Conj/Fire      4%         2d5       87%         4
 Ignite Poison            Fire/Alch      4%         N/A       87%         4
 Leda's Liquefaction      Alch/Erth      2%         N/A       87%         4
 Olgreb's Toxic Radiance  Alch           4%         N/A       87%         4
 Sticky Flame             Fire/Alch      4%         2d4       87%         4
 Summon Blazeheart Golem  Fire/Summ      4%         N/A       87%         4
 Summon Lightning Spire   Summ/Air       4%         N/A       87%         4
 Metabolic Englaciation   Hex/Ice        6%         N/A       89%         5
 Summon Mana Viper        Hex/Summ       12%        N/A       89%         5
 Alistair's Intoxication  Alch           2%         N/A       99%         5
 Borgnjor's Vile Clutch   Necr/Erth      2%         N/A       99%         5
 Fireball                 Conj/Fire      2%         3d4       99%         5
 Freezing Cloud           Conj/Ice/Air   2%         6-21      99%         5
 Irradiate                Conj/Alch      2%         3d12      99%         5
 Iskenderun's Battlesphe  Conj           4%         2d6       99%         5
 Lee's Rapid Deconstruct  Erth           2%         3d4*      99%         5
 Bombard                  Conj/Erth      2%         9d1       100%        6
 Conjure Ball Lightning   Conj/Air       2%         3x3d6     100%        6
 Eringya's Noxious Bog    Alch           2%         4d6       100%        6
 Plasma Beam              Fire/Air       2%         2x1d12    100%        6
 Sculpt Simulacrum        Ice/Alch       2%         N/A       100%        6
 Summon Cactus Giant      Summ           2%         N/A       100%        6
 Enfeeble                 Hex            9%         N/A       100%        7
 Haunt                    Necr/Summ      2%         N/A       100%        7
 Malign Gateway           Summ/Tloc      9%         N/A       100%        7
 Monstrous Menagerie      Summ           2%         N/A       100%        7
 Orb of Destruction       Conj           2%         9d5       100%        7
 Ozocubu's Refrigeration  Ice            2%         4d7       100%        7
 Spellforged Servitor     Conj/Summ      2%         N/A       100%        7
 Summon Hydra             Summ           2%         N/A       100%        7
 Borgnjor's Revivificati  Necr           2%         N/A       100%        8
 Discord                  Hex            9%         N/A       100%        8
 Disjunction              Tloc           15%        N/A       100%        8
 Ignition                 Fire           2%         3d3       100%        8
 Summon Horrible Things   Summ           2%         N/A       100%        8
 Chain Lightning          Conj/Air       2%         3d2       100%        9
 Fire Storm               Conj/Fire      2%         8d1       100%        9
 Polar Vortex             Ice            2%         N/A       100%        9
 Shatter                  Erth           2%         3d6*      100%        9


Dungeon Overview and Level Annotations

Branches:
Dungeon (15/15)            Temple (0/1) D:4            Lair (5/5) D:8
 Shoals (4/4) Lair:2       Spider (4/4) Lair:2        Slime (5/5) Lair:4
    Orc (2/2) D:10            Elf (3/3) Orc:2        Vaults (4/5) D:14
  Crypt (0/3) Vaults:2     Depths (4/4) D:15            Zot (5/5) Depths:4
  IceCv (visited)

Shops:
D:8 [   D:13 *   D:14 !   Orc:2 =(![   Vaults:3 !

Portals:
Hell: Depths:1 Depths:2 Depths:3 Depths:4
Abyss: Depths:3 Depths:4
Pandemonium: Depths:2
Ziggurat: Depths:2

Annotations:
D:3 1 runed translucent door, Crazy Yiuf
D:10 1 runed translucent door
Lair:1 2 transporters, Asparus's ghost, journeyman OpEE
Lair:2 3 runed translucent doors, PanSaczeczos's ghost, journeyman SpAl
Spider:4 2 transporters, Skimidon's ghost, adept VSEn
Orc:1 3 runed translucent doors, ggurman's ghost, journeyman MiFi


Innate Abilities, Weirdness & Mutations

You have an increased reservoir of magic. (+10% MP)
You shall have no god before yourself.
Your divine heritage dramatically boosts your attributes as you level up.
You are robust. (+10% HP)


Message History

The hell beast is severely wounded.
You shoot an arrow. The arrow hits the hell beast!
The hell beast is severely wounded.
You shoot an arrow. The arrow hits the hell beast.
The hell beast is almost dead.
You shoot an arrow. The arrow hits the hell beast!
The hell beast is almost dead.
You shoot an arrow. The arrow hits the hell beast!!!
You kill the hell beast!
No target in view!
No target in view!
What level of the Dungeon? (default 1, ? - help)
There is a stone staircase leading up, spattered with blood here.
You climb upwards.
There is a stone staircase leading down here.
Things that are here:
a +0 leather armour; a +0 club
There is a stone staircase leading up here.
You climb upwards.
There is a stone staircase leading down here.
You see here a +0 flail.
You see here a +0 flail.
Things that are here:
3 boomerangs; a +0 club
There is a stone staircase leading up here.
You climb upwards.
Level annotation: 1 runed translucent door, Crazy Yiuf
There is a stone staircase leading down here.
There is a stone staircase leading up here.
You climb upwards.
There is a stone staircase leading down here.
There is a stone staircase leading up here.
You climb upwards.
There is a stone staircase leading down here.
There is an open door here.
There is an open gate here.
There is an open door here.
There is an open door here.
There is a staircase leading out of the dungeon here.
You have escaped!

#######.##..§§.....#
#...#.#...
#########.##.○§§§....#
#...#.##.. #.........#
#○.§§...# #####.....
#.######### ####### ###
#####. #.#...##..## #≈.≈#
#..## #. #.###.#....##
##'## #..°.# #.
#.###.#....####...####...☼#
#.
#.....'....#8#.....#.#..§§#
#.
.####.'.§§.'.'..@..'.#§§○§#
#.
.####.'.§§.#8#.....#.#§§.☼#
#.
.'.####....####...####.§..#
#. .#.####....## ##'##
#....# #. .#....##..##
##≈.≈## #..## #.
.####..##############
####### #. .#
##.....##...≈&..## #....#
#. .# #####.#..≈°≈≈°..#
#....# #. .#
#.#.≈≈≈≈≈≈≈.####....###.


You could see Nogoucwi.

Vanquished Creatures
  the Royal Jelly (Slime:5)
  Dissolution (Slime:2)
  A pandemonium lord (Depths:4)
  Tiamat (Zot:2)
  4 dread liches (Zot:5)
  Mennas (Vaults:3)
  2 ancient liches (Zot:5)
  6 orbs of fire
  3 Killer Klowns (Zot:5)
  Bai Suzhen (Elf:3)
  Saint Roka (Elf:3)
  2 curse toes
  2 caustic shrikes (Depths:3)
  11 golden dragons
  Nikola (Elf:1)
  Norris (Depths:1)
  Arachne (Spider:2)
  A Tzitzimitl (Depths:3)
  5 electric golems
  4 hellephants
  A Brimstone Fiend (Depths:3)
  11 tentacled monstrosities
  An Ice Fiend (Depths:3)
  29 Orb Guardians
  A lich (Depths:3)
  2 deep elf blademasters (Elf:3)
  A titan (Depths:3)
  Asterion (Elf:3)
  A deep elf master archer (Elf:3)
  6 quicksilver dragons
  2 walking divine tomes (Depths:3)
  21 acid blobs
  13 death cobs
  2 sphinxes
  4 krakens (Shoals:3)
  A walking frostbound tome (Depths:4)
  The ghost of Amikeex the Brawler, an adept TrMo of Nemelex Xobeh (Depths:2)
  10 shadow dragons
  Aizul (Shoals:3)
  15 azure jellies
  6 protean progenitors
  5 draconian knights
  10 tengu reavers
  10 draconian monks
  12 storm dragons
  24 rockslimes
  A daeva (D:14)
  2 draconian shifters (Zot:2)
  7 deep elf sorcerers
  4 frost giants
  8 emperor scorpions
  2 fire giants
  8 ghost moths
  3 iron dragons (Depths:3)
  10 vault wardens
  7 draconian scorchers
  Louise (Elf:1)
  4 deep elf elementalists (Elf:3)
  11 ironbound preservers
  A demonspawn blood saint (D:6)
  2 draconian stormcallers
  9 draconian annihilators
  3 orc warlords
  Nessos (D:13)
  10 formless jellyfish
  10 very ugly things
  12 quicksilver oozes
  3 broodmothers
  4 ironbound thunderhulks
  4 vampire knights
  7 stone giants
  3 deep elf death magi (Elf:3)
  2 spark wasps
  18 red draconians
  Azrael (D:13)
  5 deep elf demonologists
  12 deep elf annihilators (Elf:3)
  13 black draconians
  2 war gargoyles (Depths:3)
  10 green draconians
  13 purple draconians
  A dire elephant (Vaults:3)
  10 yellow draconians
  16 white draconians
  A green death (Depths:2)
  6 merfolk javelineers
  4 ettins
  7 merfolk impalers
  3 crystal guardians
  5 entropy weavers
  6 fire dragons
  8 yaktaur captains
  A blizzard demon (D:6)
  6 deep elf high priests (Elf:3)
  3 salamander tyrants (Depths:3)
  12 great orbs of eyes
  Josephine (Lair:5)
  A jorogumo (Spider:2)
  Erolcha (D:10)
  12 ice dragons
  7 hydras
  3 rakshasas
  7 vault guards
  A hell beast (D:6)
  2 peacekeepers
  3 alligator snapping turtles
  4 radroaches
  3 spriggan air magi
  A merfolk avatar (Shoals:4)
  4 two-headed ogres
  21 centaur warriors
  4 ironbound frosthearts
  9 boulder beetles
  9 tengu warriors
  7 deep troll shamans
  4 spriggan berserkers
  2 merfolk aquamancers
  5 satyrs
  5 deep troll earth magi
  Urug (Orc:1)
  A vampire mage (Depths:1)
  28 dancing weapons
  5 demonic crawlers
  8 hell hogs (Depths:3)
  5 orc high priests (Orc:2)
  Nergalle (D:11)
  20 hell knights (Depths:3)
  Sonja (Lair:4)
  14 deep elf knights
  5 spriggans
  3 iron trolls
  9 skysharks
  9 pharaoh ants
  3 shadow demons
  4 glowing orange brains
  2 death drakes (Depths:4)
  9 sea snakes
  15 deep elf archers
  42 deep trolls
  2 sun moths
  12 orc knights
  7 arcanists
  2 flayed ghosts (Depths:3)
  12 ironbound convokers
  8 necromancers
  A lightning spire (Zot:1)
  2 phantasmal warriors (Depths:1)
  18 harpies
  8 steelbarb worms
  36 deep elf zephyrmancers
  13 lindwurms
  8 shining eyes
  An oklob plant (Lair:3)
  15 wolf spiders
  28 deep elf pyromancers
  42 ugly things
  A faun (shapeshifter) (Vaults:3)
  22 fauns
  5 cyclopes
  6 orc sorcerers
  21 moths of wrath
  16 manticores
  A shining eye (shapeshifter) (Depths:3)
  5 elephants (Lair:1)
  4 kobold blastminers
  Maurice (D:7)
  An ice statue (IceCv)
  120 slime creatures
  6 black mambas
  10 merfolk sirens
  4 meliai
  5 water nymphs
  2 smoke demons
  11 vault sentinels
  A torpor snail (shapeshifter) (Depths:3)
  A yaktaur zombie (Vaults:2)
  4 hellions (Zot:4)
  2 torpor snails
  5 eyes of devastation
  A gargoyle (D:12)
  A cane toad (shapeshifter) (Elf:2)
  A human zombie (Vaults:4)
  28 cane toads
  2 unseen horrors
  An unseen horror (shapeshifter) (D:15)
  An orange demon (Depths:3)
  An efreet (D:14)
  Psyche (D:11)
  4 kobold demonologists
  32 yaktaurs
  3 rime drakes
  An ice devil (Depths:3)
  6 komodo dragons
  30 merfolk
  A tengu conjurer (D:12)
  4 polar bears
  2 polar bears (shapeshifter)
  2 tyrant leeches (Lair:5)
  11 wind drakes
  A hellwing (Depths:1)
  8 trolls
  A hornet (shapeshifter) (D:15)
  33 tarantellas
  6 hornets
  19 blink frogs
  A snapping turtle (shapeshifter) (Vaults:3)
  17 dream sheep
  3 raiju (Depths:3)
  19 jumping spiders
  2 glass eyes
  10 snapping turtles
  26 culicivoras
  2 air elementals
  13 water elementals
  A spriggan (shapeshifter) (D:13)
  2 shadows
  A ynoxinul (Depths:2)
  A vampire (D:12)
  57 yaks
  6 wyverns
  8 wraiths
  6 fire bats (D:10)
  7 fire elementals
  An ettin skeleton (Vaults:2)
  A warg (Orc:2)
  A yak (shapeshifter) (D:15)
  10 golden eyes
  3 steam dragons
  4 basilisks
  A human simulacrum (Vaults:2)
  7 vampire mosquitoes
  58 redbacks
  An ogre zombie (Vaults:4)
  2 acid dragons
  A harpy simulacrum (IceCv)
  A glowing shapeshifter zombie (Vaults:4)
  28 water moccasins
  A hydra simulacrum (IceCv)
  3 black bears
  A glowing shapeshifter skeleton (Vaults:2)
  25 orc warriors
  9 ice beasts (D:8)
  14 wolves
  A human skeleton (Vaults:2)
  8 ogres
  12 centaurs
  6 kobold brigands
  20 bullfrogs
  A gnoll sergeant (D:9)
  A cane toad simulacrum (IceCv)
  2 earth elementals
  A two-headed ogre simulacrum (D:11)
  4 wights (D:7)
  An elephant simulacrum (IceCv)
  5 howler monkeys
  5 electric eels
  6 hounds
  12 jellies
  2 gnoll boudas
  19 orc priests
  3 sleepcaps
  24 orc wizards
  A polar bear simulacrum (IceCv)
  A spriggan simulacrum (D:11)
  A troll simulacrum (D:11)
  2 wolf simulacra (IceCv)
  A centaur simulacrum (D:8)
  A killer bee simulacrum (D:8)
  20 gnolls
  11 adders
  5 white imps (D:8)
  4 ufetubi
  A dart slug (D:2)
  3 ribbon worms
  77 orcs
  8 ball pythons
  3 endoplasms
  3 giant cockroaches
  3 goblins
  8 hobgoblins
  40 kobolds
  6 quokkas
  40 bats
  3 frilled lizards (D:3)
  7 rats
  2 aspiring fleshes (Zot:4)
  10 tentacles (Shoals:3)
2262 creatures vanquished.

Vanquished Creatures (collateral kills)
  the Enchantress (Depths:3)
  A spriggan defender (Depths:3)
  A spriggan air mage (Depths:3)
  2 ice statues (IceCv)
  A wind drake (Depths:3)
  2 hornets (Depths:3)
  2 spriggans (Depths:3)
10 creatures vanquished.

Vanquished Creatures (others)
  A draconian monk (Depths:3)
  A deep elf pyromancer (Elf:2)
  A wind drake (Depths:3)
  A red devil (D:1)
  A neqoxec (D:1)
  A butterfly (Depths:4)
  32 tentacles (Shoals:3)
38 creatures vanquished.

Grand Total: 2310 creatures vanquished

Notes
Turn   | Place    | Note
-------+----------+-------------------------------------------
     0 | D:1      | dorian the Demigod Hunter began the quest for the Orb.
     0 | D:1      | Reached XP level 1. HP: 17/17 MP: 3/3
   319 | D:1      | Reached XP level 2. HP: 24/24 MP: 4/4
   387 | D:1      | Reached skill level 4 in Ranged Weapons
   635 | D:1      | Identified a scroll of acquirement
   635 | D:1      | Acquired a +4 orcbow of freezing
   894 | D:2      | Reached XP level 3. HP: 29/29 MP: 5/5
  1315 | D:3      | Reached XP level 4. HP: 36/36 MP: 6/6
  1583 | D:3      | Reached skill level 5 in Ranged Weapons
  1674 | D:3      | Found a runed translucent door.
  1675 | D:3      | Noticed Crazy Yiuf
  2084 | D:4      | Reached XP level 5. HP: 34/41 MP: 7/7
  2261 | D:4      | Noticed an ogre
  2266 | D:4      | Killed an ogre
  2269 | D:4      | Reached skill level 6 in Ranged Weapons
  2269 | D:4      | Reached XP level 6. HP: 35/48 MP: 8/8
  2432 | D:4      | Found a staircase to the Ecumenical Temple.
  2893 | D:5      | Entered Level 5 of the Dungeon
  3030 | D:5      | Reached XP level 7. HP: 53/53 MP: 9/9
  3031 | D:5      | Reached skill level 7 in Ranged Weapons
  3378 | D:5      | Reached skill level 5 in Dodging
  3416 | D:6      | Reached skill level 8 in Ranged Weapons
  3766 | D:6      | Reached XP level 8. HP: 60/60 MP: 10/10
  4012 | D:7      | Noticed a kobold demonologist
  4113 | D:7      | Noticed a rust devil
  4116 | D:7      | Killed a kobold demonologist
  4276 | D:7      | Reached skill level 9 in Ranged Weapons
  4573 | D:7      | Noticed Maurice
  4579 | D:7      | Killed Maurice
  4580 | D:7      | Reached skill level 10 in Ranged Weapons
  4580 | D:7      | Reached XP level 9. HP: 52/67 MP: 11/11
  5041 | D:7      | Identified the +8 chain mail "Geacad" {rF++ Str-4 SInv}
  5090 | D:7      | Learned a level 4 spell: Dimensional Bullseye
  5142 | D:8      | You fall into a shaft and drop 3 floors!
  5163 | D:11     | Found a frozen archway.
  5186 | IceCv    | Entered an ice cave
  5208 | IceCv    | Noticed a white ugly thing
  5222 | IceCv    | Killed a white ugly thing
  5223 | IceCv    | Reached skill level 11 in Ranged Weapons
  5307 | IceCv    | Noticed an ice statue
  5322 | IceCv    | Killed an ice statue
  5324 | IceCv    | Noticed an ice statue
  5334 | IceCv    | Killed an ice statue
  5335 | IceCv    | Noticed an ice statue
  5346 | IceCv    | Killed an ice statue
  5348 | IceCv    | Noticed a white ugly thing
  5359 | IceCv    | Killed a white ugly thing
  5360 | IceCv    | Reached XP level 10. HP: 37/73 MP: 13/13
  5552 | D:10     | Entered Level 10 of the Dungeon
  5572 | D:10     | Found a staircase to the Orcish Mines.
  5574 | D:10     | Reached skill level 12 in Ranged Weapons
  5766 | D:10     | Noticed Erolcha
  5774 | D:10     | Killed Erolcha
  5993 | D:8      | Found a staircase to the Lair.
  6121 | D:8      | Reached skill level 13 in Ranged Weapons
  6518 | D:8      | Reached XP level 11. HP: 79/79 MP: 14/14
  6760 | D:8      | Found Teamureb's Antique Armour Shoppe.
  6764 | D:8      | Bought a pair of glowing boots for 217 gold pieces
  7682 | D:10     | Found a runed translucent door.
  7689 | D:10     | Reached skill level 14 in Ranged Weapons
  7689 | D:10     | Reached skill level 10 in Dodging
  7968 | D:10     | Noticed a flayed ghost
  8240 | D:11     | Noticed Psyche
  8244 | D:11     | Killed Psyche
  8431 | D:11     | Noticed a boulder beetle
  8445 | D:11     | Killed a boulder beetle
  8506 | D:11     | Noticed Nergalle
  8543 | D:12     | Reached skill level 15 in Ranged Weapons
  8593 | D:12     | Noticed a centaur warrior
  8601 | D:12     | Killed a centaur warrior
  8716 | D:11     | Killed Nergalle
  9101 | D:12     | Noticed a two-headed ogre
  9106 | D:12     | Killed a two-headed ogre
  9107 | D:12     | Reached XP level 12. HP: 85/85 MP: 15/15
  9341 | D:12     | Noticed a boulder beetle
  9353 | D:12     | Killed a boulder beetle
  9354 | D:12     | Reached skill level 16 in Ranged Weapons
  9379 | D:12     | Noticed a centaur warrior
  9384 | D:12     | Killed a centaur warrior
  9395 | D:12     | Reached skill level 1 in Armour
  9405 | D:12     | Noticed a boulder beetle
  9415 | D:12     | Killed a boulder beetle
 10120 | D:12     | Noticed a boulder beetle
 10149 | D:12     | Killed a boulder beetle
 10564 | Orc:1    | Entered Level 1 of the Orcish Mines
 10808 | Orc:1    | Found a runed translucent gate.
 10808 | Orc:1    | Found a runed translucent gate.
 10809 | Orc:1    | Found a runed translucent gate.
 10818 | Orc:1    | Noticed ggurman's ghost (journeyman MiFi)
 11008 | Orc:1    | Noticed Urug
 11014 | Orc:1    | Killed Urug
 11222 | Orc:2    | Entered Level 2 of the Orcish Mines
 11323 | Orc:2    | Reached XP level 13. HP: 91/99 MP: 16/16
 11905 | Orc:2    | Reached skill level 5 in Fighting
 11949 | Orc:2    | Reached skill level 5 in Armour
 12187 | Orc:2    | Found a staircase to the Elven Halls.
 12284 | Orc:2    | Found Raetsuga's Antique Armour Emporium.
 12288 | Orc:2    | Found Coshuq's Weapon Shop.
 12297 | Orc:2    | Found Bestirch's Jewellery Shop.
 12299 | Orc:2    | Found Tibb's Distillery.
 12308 | Orc:2    | Bought a potion of curing for 33 gold pieces
 12308 | Orc:2    | Bought a potion of curing for 33 gold pieces
 12308 | Orc:2    | Bought a potion of resistance for 110 gold pieces
 12321 | Orc:2    | Bought a buzzing ring mail for 279 gold pieces
 12321 | Orc:2    | Identified the +6 ring mail "Quats" {Str+3} (You bought it
                  | in a shop on level 2 of the Orcish Mines)
 12495 | Lair:1   | Entered Level 1 of the Lair of Beasts
 12607 | Lair:1   | Found a transporter.
 12613 | Lair:1   | Found a transporter.
 12748 | Lair:1   | Noticed Asparus's ghost (journeyman OpEE)
 13268 | Lair:1   | Found the +8 whip "Snakebite" {venom, curare, rPois}
 13670 | Lair:2   | Found a runed translucent gate.
 13671 | Lair:2   | Found a runed translucent gate.
 13725 | Lair:2   | Noticed PanSaczeczos's ghost (journeyman SpAl)
 13795 | Lair:2   | Reached skill level 17 in Ranged Weapons
 13964 | Lair:2   | Found a hole to the Spider Nest.
 14040 | Lair:2   | Found a runed translucent gate.
 14236 | Lair:2   | Found a staircase to the Shoals.
 14547 | Lair:3   | Reached XP level 14. HP: 113/113 MP: 17/17
 15113 | Lair:4   | Found a staircase to the Slime Pits.
 15270 | Lair:4   | Found the +8 longbow "Zephyr" {speed, Dex+3 SInv}
 15697 | Lair:4   | You fall into a shaft and drop 1 floor!
 15697 | Lair:5   | Entered Level 5 of the Lair of Beasts
 15879 | Lair:4   | Noticed Sonja
 15881 | Lair:4   | Killed Sonja
 16142 | Lair:5   | Noticed Josephine
 16147 | Lair:5   | Killed Josephine
 16355 | Lair:5   | Reached skill level 18 in Ranged Weapons
 16578 | Lair:5   | Got Xeupodgh's Reference Book on Decaying Embers
 17445 | D:13     | Noticed Nessos
 17449 | D:13     | Killed Nessos
 17596 | D:13     | Noticed Azrael
 17601 | D:13     | Killed Azrael
 17602 | D:13     | Reached skill level 1 in Translocations
 17855 | D:13     | Found Xaohag's General Store.
 17876 | D:13     | Bought the +2 pair of boots "Muomm" {rC++ Regen+ Str-5
                  | SInv} for 457 gold pieces
 17995 | D:13     | Reached XP level 15. HP: 124/124 MP: 18/18
 18577 | D:14     | Found a gate to the Vaults.
 18782 | D:14     | Found Toza's Distillery.
 18790 | D:14     | Bought a potion of haste for 170 gold pieces
 18790 | D:14     | Bought a potion of haste for 170 gold pieces
 18790 | D:14     | Bought a potion of heal wounds for 85 gold pieces
 19099 | D:15     | Entered Level 15 of the Dungeon
 19119 | D:15     | Found a staircase to the Depths.
 19134 | D:15     | Reached skill level 19 in Ranged Weapons
 19475 | D:15     | Identified the +2 falchion of the Chewing Big Fish {freeze,
                  | Str+7}
 20152 | Elf:1    | Entered Level 1 of the Elven Halls
 20488 | Spider:1 | Entered Level 1 of the Spider Nest
 21919 | Spider:2 | Reached skill level 10 in Fighting
 22061 | Spider:2 | Identified the +6 broad axe of Growth {flame, rCorr Int+3}
 22067 | Spider:2 | Identified the maw talisman of Bifachir {rPois rF+}
 22171 | Spider:2 | Noticed Arachne
 22225 | Spider:2 | Killed Arachne
 22284 | Spider:2 | Reached skill level 5 in Translocations
 22320 | Spider:2 | Reached skill level 10 in Armour
 22709 | Spider:3 | Reached XP level 16. HP: 120/135 MP: 1/20
 22820 | Spider:3 | Reached skill level 1 in Spellcasting
 23308 | Spider:4 | Entered Level 4 of the Spider Nest
 23473 | Spider:4 | Reached skill level 20 in Ranged Weapons
 23831 | Spider:4 | Identified the +1 dagger of Conversion {spect, SInv}
 23853 | Spider:4 | Noticed Skimidon's ghost (adept VSEn)
 23901 | Spider:4 | Found a transporter.
 23904 | Spider:4 | Found a transporter.
 25452 | Spider:4 | Reached skill level 1 in Hexes
 25823 | Spider:4 | Got a gossamer rune of Zot
 26022 | Shoals:1 | Entered Level 1 of the Shoals
 26640 | Shoals:1 | Reached skill level 1 in Shields
 27062 | Shoals:1 | Reached XP level 17. HP: 144/144 MP: 26/26
 27207 | Shoals:1 | You are sucked into a shaft and drop 1 floor!
 28275 | Shoals:3 | Reached skill level 5 in Shields
 29284 | Shoals:3 | Identified the +4 scale mail of the Bells {rN+}
 29318 | Shoals:4 | Entered Level 4 of the Shoals
 29387 | Shoals:4 | Identified the serpent talisman of Festooned Miracles
                  | {rCorr Str+2}
 29387 | Shoals:4 | Noticed Aizul
 29414 | Shoals:3 | Killed Aizul
 29728 | Shoals:4 | Got a barnacled rune of Zot
 29868 | Shoals:4 | Found the +10 morningstar "Eos" {elec, Halo rElec}
 29953 | Shoals:4 | Identified the amulet of the Republic {^Drain Regen+ Str+5
                  | Int+6}
 31104 | Elf:1    | Reached XP level 18. HP: 156/156 MP: 27/27
 31118 | Elf:1    | Noticed a Brimstone Fiend
 31118 | Elf:1    | Noticed Nikola
 31129 | Elf:1    | Killed Nikola
 31136 | Elf:1    | Noticed Louise
 31172 | Elf:1    | Got Asmodeus's Vellum of Attendants
 31341 | Elf:1    | Killed Louise
 32106 | Elf:2    | Reached skill level 10 in Shields
 32364 | Elf:2    | Reached skill level 21 in Ranged Weapons
 32389 | Elf:2    | Found a runed translucent gate.
 32390 | Elf:2    | Found a runed translucent gate.
 32390 | Elf:2    | Found a runed translucent gate.
 32914 | Elf:3    | Entered Level 3 of the Elven Halls
 33016 | Elf:3    | Noticed Bai Suzhen
 33031 | Elf:3    | Killed Bai Suzhen
 33380 | Elf:3    | Noticed Saint Roka
 33418 | Elf:3    | Killed Saint Roka
 33960 | Elf:3    | Noticed Asterion
 33978 | Elf:3    | Killed Asterion
 34397 | Elf:3    | Identified the +9 short sword of the Puckish God {freeze,
                  | rElec rN+ MP+9 Int+2}
 34471 | Elf:3    | Identified the +6 spear of Eternity {antimagic, ^Fragile
                  | rPois Dex+4}
 34614 | Elf:3    | Identified the ring "Tosmunt" {rCorr Int+3 SInv}
 34619 | Elf:3    | Reached XP level 19. HP: 167/167 MP: 29/29
 34745 | Elf:3    | Identified the +0 ring mail of Dramatic Exits {rElec rC+
                  | Regen+}
 34902 | Elf:3    | Identified the +12 dagger of Exquisite Torment {freeze, Fly
                  | rC+ Str-4 Int+2}
 34948 | Elf:3    | Found the +18 shield of the Gong {Loud rN+ Will+ rCorr
                  | EV-5}
 34960 | Elf:3    | Got the Folio of Roasted Momentum
 34999 | Elf:3    | Got the Vademecum on Fulmination
 35353 | Depths:1 | Entered Level 1 of the Depths
 35353 | Depths:1 | Found a gateway to Hell.
 35714 | Depths:1 | Noticed Norris
 35951 | Depths:1 | Reached skill level 15 in Dodging
 36254 | Depths:1 | Killed Norris
 36735 | Depths:2 | Found a one-way gateway to a ziggurat.
 36791 | Depths:2 | Found a one-way gate leading to the halls of Pandemonium.
 36853 | Depths:2 | Found a runed translucent door.
 37022 | Depths:2 | Noticed Amikeex's ghost (adept TrMo)
 37165 | Depths:2 | Killed Amikeex's ghost
 37209 | Depths:2 | Got the Precepts of Relocation
 37214 | Depths:2 | Learned a level 3 spell: Gell's Gravitas
 37392 | Depths:3 | Reached skill level 5 in Spellcasting
 37408 | Depths:3 | Noticed a caustic shrike
 37413 | Depths:3 | Killed a caustic shrike
 37532 | Depths:3 | Noticed a Tzitzimitl
 37542 | Depths:3 | Killed a Tzitzimitl
 37562 | Depths:3 | Noticed a Brimstone Fiend
 37705 | Depths:3 | Noticed a caustic shrike
 37710 | Depths:3 | Killed a caustic shrike
 37833 | Depths:3 | Noticed the Enchantress
 37847 | Depths:3 | Killed the Enchantress
 38021 | Depths:3 | Noticed a golden dragon
 38027 | Depths:3 | Killed a golden dragon
 38028 | Depths:3 | Reached skill level 22 in Ranged Weapons
 38028 | Depths:3 | Reached XP level 20. HP: 173/177 MP: 32/32
 38089 | Depths:3 | Found a one-way gate to the infinite horrors of the Abyss.
 38228 | Depths:3 | Reached skill level 15 in Fighting
 38314 | Depths:3 | HP: 2/178 [Brimstone Fiend/damnation (41)]
 38545 | Depths:3 | Noticed a golden dragon
 38712 | Depths:3 | Killed a golden dragon
 39221 | Depths:4 | Entered Level 4 of the Depths
 39536 | Depths:4 | Found a gate to the Realm of Zot.
 40025 | Depths:4 | Noticed a golden dragon
 40062 | Depths:4 | Noticed a golden dragon
 40068 | Depths:4 | Killed a golden dragon
 40149 | Depths:4 | Noticed a golden dragon
 40153 | Depths:4 | Killed a golden dragon
 40246 | Depths:4 | Noticed a golden dragon
 40259 | Depths:4 | Killed a golden dragon
 40392 | Depths:4 | Reached XP level 21. HP: 45/188 MP: 33/33
 40486 | Depths:4 | Killed a golden dragon
 41501 | Vaults:1 | Entered Level 1 of the Vaults
 42721 | Vaults:2 | Identified the +3 spear of the Vendetta {spect, Will++}
 42989 | Vaults:2 | Reached skill level 23 in Ranged Weapons
 43236 | Vaults:2 | Reached skill level 15 in Shields
 43520 | Vaults:2 | Found a staircase to the Crypt.
 44070 | Vaults:3 | Identified the +1 robe of the Gate {Will+}
 44411 | Vaults:3 | Paralysed by a sphinx for 4 turns
 44531 | Vaults:3 | Noticed Mennas
 44540 | Vaults:3 | Killed Mennas
 45019 | Vaults:3 | Found Boriutiumu's Distillery.
 45031 | Vaults:3 | Bought 2 potions of invisibility for 176 gold pieces
 45031 | Vaults:3 | Bought a potion of haste for 110 gold pieces
 45031 | Vaults:3 | Bought a potion of cancellation for 88 gold pieces
 45031 | Vaults:3 | Bought a potion of haste for 110 gold pieces
 45031 | Vaults:3 | Bought a potion of cancellation for 88 gold pieces
 45466 | Vaults:4 | Reached XP level 22. HP: 194/200 MP: 34/34
 45686 | Vaults:4 | Identified the +4 rapier "Kalomuy" {drain, Str-5 Int+5}
 46995 | Slime:1  | Entered Level 1 of the Pits of Slime
 48864 | Slime:3  | Noticed Dissolution
 48897 | Slime:2  | Killed Dissolution
 48910 | Slime:3  | Reached skill level 24 in Ranged Weapons
 49816 | Slime:4  | Gained mutation: You occasionally lose the ability to read
                  | scrolls when taking damage. [a shining eye]
 50063 | Slime:5  | Entered Level 5 of the Pits of Slime
 52426 | Slime:5  | Found the +7 mace of Variability {chaos, chaos arc}
 52435 | Slime:5  | Noticed the Royal Jelly
 52522 | Slime:5  | Killed the Royal Jelly
 52728 | Slime:5  | Identified the +4 halberd of Purpose {flame, *Corrode rPois
                  | Stlth+}
 52792 | Slime:5  | Identified the +1 chain mail "Kephiu" {rF+ Dex+2 Slay+2}
 52806 | Slime:5  | Got a slimy rune of Zot
 53083 | Slime:5  | Paralysed by a formless jellyfish for 1 turns
 53715 | Zot:1    | Entered Level 1 of the Realm of Zot
 53771 | Zot:1    | Noticed an orb of fire
 53783 | Zot:1    | Gained mutation: You have a pair of small horns on your
                  | head. [an orb of fire]
 53784 | Zot:1    | Killed an orb of fire
 53785 | Zot:1    | Reached XP level 23. HP: 211/211 MP: 36/36
 54180 | Zot:1    | Reached skill level 1 in Stealth
 54579 | Zot:1    | Identified the +2 plate armour of the Known World {-Tele
                  | Str+7}
 55005 | Zot:2    | Found the +4 dragonskin cloak
 55005 | Zot:2    | Noticed Tiamat
 55556 | Zot:2    | Killed Tiamat
 55560 | Zot:2    | Reached skill level 5 in Stealth
 56103 | Zot:2    | Acquired a +1 hand cannon of draining
 57199 | Zot:3    | Identified the +10 hand axe of the Lusting Gods {freeze,
                  | Int+4 Dex+3}
 57634 | Zot:4    | Noticed an orb of fire
 57720 | Zot:3    | Reached skill level 15 in Armour
 58017 | Zot:4    | Killed an orb of fire
 58486 | Zot:5    | Entered Level 5 of the Realm of Zot
 58901 | Zot:4    | Reached XP level 24. HP: 195/221 MP: 36/36
 60236 | Zot:5    | Reached skill level 10 in Stealth
 61797 | Zot:5    | Noticed a dread lich
 61803 | Zot:5    | Killed a dread lich
 61804 | Zot:5    | Reached skill level 25 in Ranged Weapons
 61986 | Zot:5    | Noticed an orb of fire
 61995 | Zot:5    | Killed an orb of fire
 62598 | Zot:5    | Noticed an orb of fire
 62599 | Zot:5    | Gained mutation: You occasionally shout uncontrollably at
                  | your foes. [an orb of fire]
 62607 | Zot:5    | Killed an orb of fire
 62856 | Zot:5    | Noticed an orb of fire
 62864 | Zot:5    | Killed an orb of fire
 63263 | Zot:5    | Noticed a dread lich
 63266 | Zot:5    | Killed a dread lich
 63689 | Zot:5    | Noticed an ancient lich
 63695 | Zot:5    | Killed an ancient lich
 63763 | Zot:5    | Noticed a dread lich
 63771 | Zot:5    | Paralysed by a dread lich for 4 turns
 63779 | Zot:5    | Killed a dread lich
 64379 | Zot:5    | Noticed an orb of fire
 64383 | Zot:5    | Gained mutation: You have hidden genetic defects. [an orb
                  | of fire]
 64384 | Zot:5    | Killed an orb of fire
 65599 | Zot:5    | Noticed an ancient lich
 65608 | Zot:5    | Killed an ancient lich
 65819 | Zot:5    | Noticed a Killer Klown
 65832 | Zot:5    | Killed a Killer Klown
 66012 | Zot:5    | Noticed a dread lich
 66019 | Zot:5    | Noticed a Killer Klown
 66021 | Zot:5    | Killed a dread lich
 66032 | Zot:5    | Noticed a Killer Klown
 66045 | Zot:5    | Killed a Killer Klown
 66156 | Zot:5    | Killed a Killer Klown
 66461 | Zot:5    | Lost mutation: You occasionally shout uncontrollably at
                  | your foes. [potion of mutation]
 66461 | Zot:5    | Lost mutation: You have a pair of small horns on your head.
                  | [potion of mutation]
 66461 | Zot:5    | Lost mutation: You occasionally lose the ability to read
                  | scrolls when taking damage. [potion of mutation]
 66461 | Zot:5    | Lost mutation: You have hidden genetic defects. [potion of
                  | mutation]
 66461 | Zot:5    | Gained mutation: You are robust. (+10% HP) [potion of
                  | mutation]
 66462 | Zot:5    | Got the Orb of Zot
 66602 | Depths:4 | Noticed Hosur the pandemonium lord
 66618 | Depths:4 | Killed Hosur the pandemonium lord
 66969 | D:1      | Noticed Nogoucwi the pandemonium lord
 67007 | D:$      | Escaped with the Orb!

Illustrated notes

Levels and vault maps discovered:
D:1:      shiori_arrival_elements, layout_basic,
          hellmonk_ecumenical_altar_lost_god
D:2:      minmay_evil_eye, layout_rooms, corexii_item_surrounded_by_moat
D:3:      layout_basic, minmay_misc_feat_ornament,
          minmay_fractal_squares_gapless_5, uniq_crazy_yiuf_cottage
D:4:      layout_cave_pods, minmay_temple_entry_gardened_gates
D:5:      layout_rooms
D:6:      layout_layer_cave
D:7:      layout_gridville, uniq_maurice
D:8:      layout_loops_corners, david_lair_shrubbed, serial_shops,
          nicolae_shop_back_alley_shop, serial_ice, serial_ice_b, serial_ice_g,
          serial_ice_h, serial_ice_d, serial_ice_c, serial_ice_e, serial_ice_n,
          serial_ice_k, serial_ice_o, serial_ice_m
D:9:      layout_roguey
D:10:     due_megacathedral, layout_cross, mainiacjoe_overflow_chevrons,
          minitemple, david_orc_3, uniq_erolcha
D:11:     layout_stronghold, portal_ice_cave_entry_ice_simulacra, uniq_nergalle,
          uniq_psyche
D:12:     minmay_eight_partial_circles, layout_basic
D:13:     layout_loops_ring, serial_shops, shop, kennysheep_generic_room_14,
          uniq_nessos, uniq_azrael
D:14:     layout_roguey, david_vaults_1, nicolae_titane, serial_shops,
          nicolae_diamond_shop
D:15:     grunt_enter_depths_giant_problem, layout_loops_corners,
          serial_bayou_shore_a, fedhas_altar_3
Lair:1:   minmay_guarded_unrand_snakebite, layout_small_grid,
          gammafunk_ghost_wrathful_warriors, serial_bayou_shore_b,
          infiniplex_staircase_pool
Lair:2:   layout_cave_pods, minmay_shoals_entry_beasts, spider_nest_entry_a,
          gammafunk_ghost_split, beast_lair_carwin_1, serial_bayou_shore_b,
          infiniplex_staircase_pool_2
Lair:3:   layout_concentric_octagons, grunt_megastairs_3
Lair:4:   layout_cave_pods, slime_entry_1, cheibrodos_lair_reptile_den,
          uniq_sonja
Lair:5:   minmay_lair_end_frog_pond, layout_gridlike, patterned_corridor,
          serial_bayou_shore_b, uniq_josephine
Shoals:1: layout_shoals, nicolae_shoals_water_elemental_grotto
Shoals:2: layout_shoals
Shoals:3: layout_shoals, nicolae_shoals_kraken_party
Shoals:4: shoals_end_grunt_garden, layout_shoals, uniq_aizul
Spider:1: layout_chambers, drop_trap, hangedman_spider_tarantella_strand
Spider:2: layout_spider_delve, uniq_arachne
Spider:3: nicolae_spider_broodchamber
Spider:4: grunt_spider_rune_circles, nzn_ghost_randoct
Slime:1:  nicolae_slime_jelly_donut, layout_caves, special_room
          [special_room_jelly]
Slime:2:  layout_caves, nicolae_slime_rock_hall_of_fame
Slime:3:  layout_caves, dissolution_awaits
Slime:4:  layout_caves, nicolae_slime_ancient_tower_intersection
Slime:5:  slime_pit_nicolae_trefoil
Orc:1:    layout_caves, gammafunk_ghost_necromancy,
          nicolae_orc_sculptors_studio, nicolae_orc_quarried_blocks, uniq_urug
Orc:2:    st_orc_elflike, layout_caves
Elf:1:    minmay_elf_arrival_summoners, layout_geoelf_grid, basic_altar,
          minmay_elf_demonology, grunt_megastairs_4, uniq_louise, uniq_nikola
Elf:2:    nicolae_elf_blades_crystal_corner, layout_onion_city, basic_altar
Elf:3:    minmay_elf_hall_x, layout_loops_corners, uniq_saint_roka,
          uniq_asterion, uniq_bai_suzhen
Vaults:1: nicolae_vaults_heart-shaped_vault, nicolae_vaults_tangram_1,
          nicolae_vaults_little_squares_3, v_misc_13, v_rooms_2,
          vaults_room_grid, st_cross, ontoclasm_vaults_gateway,
          nicolae_vaults_closet_pinwheel_1, nicolae_vaults_circle_grid_b,
          nicolae_vaults_circle_grid_b, layout_vaults_ring
Vaults:2: nicolae_vaults_stairing_the_circle, vaults_room_pools, v_misc_17,
          nicolae_vaults_inception_scallops, vaults_mumra_chevron,
          hangedman_vaults_slice, hangedman_vaults_snaps,
          vaults_standard_mumra_enter_the_diamond, layout_vaults_big_room
Vaults:3: v_alt_pattern_6, nicolae_vaults_little_squares_2,
          nicolae_vaults_closet_pinwheel_3, v_alt_pattern_1,
          hangedman_vaults_stream, nicolae_vaults_triangles,
          serial_library_hellmonk_reading_circle,
          nicolae_vaults_storage_room_glass, layout_vaults_omnibox,
          serial_shops, shop, uniq_mennas
Vaults:4: nicolae_vaults_network_quincunx
          [nicolae_vaults_network_quincunx_subvault,
          nicolae_vaults_network_quincunx_subvault,
          nicolae_vaults_network_quincunx_subvault,
          nicolae_vaults_network_quincunx_subvault,
          nicolae_vaults_network_quincunx_subvault], ontoclasm_vaults_eye,
          nicolae_vaults_double_plus_3, nicolae_vaults_more_shelving_2,
          hangedman_vaults_stagger, v_misc_33, v_misc_30,
          nicolae_vaults_variable_pillar_hall, v_misc_19,
          nicolae_vaults_bisected_slash, nicolae_vaults_prndl,
          layout_vaults_maze_snakey
Depths:1: layout_honeycomb, nicolae_gozag_cash_rules_everything_around_me,
          hell_entry, roderic_st_hans_cross, kennysheep_boxes, uniq_norris
Depths:2: nicolae_BIG_FREAKIN_CUBE, layout_cave_shapes, enter_ziggurat_e,
          gammafunk_ghost_grave, hell_entry, rand_demon_pan_entry_8,
          hangedman_abyss_or_decor_jellyfish_corner
Depths:3: hellmonk_hyper_hexagons [hex_subvault_bowtie, hex_subvault_one_slice,
          hex_subvault_filled, hex_subvault_open_curves, hex_subvault_rings,
          hex_subvault_rooms_two], abyss_entry, hell_entry
Depths:4: lemuel_castle_with_subvaults [lemuel_castle_interior_carwin_3],
          layout_basic, hell_entry, nicolae_elyvilon_peaceful_grove,
          hangedman_abyss_entry_splay
Zot:1:    layout_cathedral_of_symmetry, amethyst_zot_foddershock
Zot:2:    layout_misc_corridors, regret_index_zotdec_carving_tricks, uniq_tiamat
Zot:3:    layout_misc_corridors, hangedman_zot_wheel_spokes,
          regret_index_zotdec_iron_s, st_single_dragon_hoard_1,
          hangedman_feature_mirror, st_small_dragon_hoard_5
Zot:4:    layout_gridlike, hangedman_hellfire_club, lemuel_elevator
Zot:5:    layout_gridlike

Skill      XL: |  1  2  3  4  5  6  7  8  9 10 11 12 13 14 15 16 17 18 19 20 21 22 23 24 |
---------------+-------------------------------------------------------------------------+-----
Dodging        | 2 3 4 5 7 8 9 11 12 13 14 15 16 17 18 | 18.2
Ranged Weapons | 4 5 6 8 10 11 13 15 16 17 18 19 20 21 22 23 24 25 | 25.4
Fighting       | 4 7 9 10 11 12 14 16 17 18 19 20 | 20.2
Armour         | 4 6 8 10 12 14 15 16 | 16.4
Translocations | 1 5 6 8 |  8.0
Spellcasting   | 3 5 |  5.3
Hexes          | 1 4 |  4.4
Shields        | 3 9 10 13 16 | 16.0
Stealth        | 8 10 | 10.0

Action                     |  1- 3 |  4- 6 |  7- 9 | 10-12 | 13-15 | 16-18 | 19-21 | 22-24 || total
---------------------------+-------+-------+-------+-------+-------+-------+-------+-------++-------
   Fire: Shortbow          |    35 |       |       |       |       |       |       |       ||    35
         Orcbow            |    29 |    95 |   174 |   672 |   226 |       |       |       ||  1196
         Hand cannon       |       |       |       |       |   212 |  1046 |  1627 |   148 ||  3033
         Longbow           |       |       |       |       |   760 |   451 |       |  1924 ||  3135
   Cast: Gell's Gravitas   |       |       |       |       |       |       |     3 |       ||     3
  Evoke: Wand              |       |       |       |       |       |     1 |     2 |     3 ||     6
    Use: Scroll            |     4 |     3 |    11 |     5 |    13 |     8 |     9 |    21 ||    74
         Potion            |       |       |       |       |     1 |     6 |     5 |     9 ||    21
 Armour: Leather armour    |     9 |     5 |     9 |       |       |       |       |       ||    23
         Steam dragon scal |       |       |     7 |    39 |       |       |       |       ||    46
         Acid dragon scale |       |       |       |     7 |    11 |       |   158 |   266 ||   442
         Ring mail         |       |       |       |       |   116 |   281 |   137 |       ||   534
  Dodge: Dodged            |    10 |    13 |    36 |   143 |   297 |   589 |   516 |   715 ||  2319
         Repelled          |       |       |       |       |       |    13 |    23 |       ||    36
  Block: Other             |       |       |       |    43 |     3 |       |       |       ||    46
         Reflection        |       |       |       |    12 |       |       |       |       ||    12
         Buckler           |       |       |       |       |       |   169 |    94 |       ||   263
         Kite shield       |       |       |       |       |       |       |   416 |    32 ||   448
